 Dungeon Crawl Stone Soup version 0.24.0-123-gd5b16e6ec5 (webtiles) character file.

Game seed: 2201169018878423563, levelgen mode: deterministic

1435 Descartes the Sneak (level 8, -12/39 HPs)
             Began as a Spriggan Air Elementalist on Jan 12, 2020.
             Was an Initiate of Gozag.
             Mangled by Harold
             ... wielding a +0 flail
              (18 damage)
             ... on level 6 of the Dungeon.
             The game lasted 00:28:33 (8772 turns).

Descartes the Sneak (Spriggan Air Elementalist)     Turns: 8772, Time: 00:28:34

Health: -12/39     AC:  4    Str:  5    XL:     8   Next: 45%
Magic:  13/15      EV: 21    Int: 18    God:    Gozag
Gold:   241        SH:  0    Dex: 16    Spells: 6/16 levels left

rFire    . . .     SeeInvis +   a - +2 dagger (venom)
rCold    . . .     Gourm    .   (shield restricted)
rNeg     . . .     Faith    .   F - +1 robe {MR+}
rPois    .         Spirit   .   (helmet restricted)
rElec    .         Reflect  .   v - +0 cloak
rCorr    .         Harm     .   (gloves unavailable)
MR       ++...                  (boots unavailable)
Stlth    +++.......             (no amulet)
HPRegen  0.13/turn              k - ring of flight
MPRegen  0.14/turn              (no ring)

@: marked, very quick
A: very small, unfitting armour, see invisible, herbivore, speed 3, slow
metabolism 2
a: Potion Petition, Call Merchant, Bribe Branch, Renounce Religion, Evoke Flight


You were on level 6 of the Dungeon.
You worshipped Gozag.
Gozag was aware of your devotion.
You were very hungry.

You visited 1 branch of the dungeon, and saw 7 of its levels.

You collected 357 gold pieces.
You paid 116 gold pieces to Gozag.

Inventory:

Hand Weapons
 a - a +2 dagger of venom (weapon)
 b - a +2 hunting sling of freezing
 C - a +0 rapier
Missiles
 d - 205 stones (quivered)
 n - 68 sling bullets
 o - 78 arrows
 p - 43 bolts
 z - 38 poisoned darts
Armour
 v - a +0 cloak (worn)
 F - a +1 robe of magic resistance (worn)
Magical Staves
 G - an uncursed staff of cold {unknown}
Jewellery
 k - a ring of flight (left hand)
Scrolls
 f - a scroll of blinking {unknown}
 g - 4 scrolls of remove curse
 h - 2 scrolls of identify {unknown}
 i - a scroll of random uselessness {unknown}
 j - 2 scrolls of amnesia
 l - a scroll of immolation {unknown}
 m - 4 scrolls of teleportation
 r - 2 scrolls of fog {unknown}
 t - a scroll of silence {unknown}
 u - 2 scrolls of magic mapping {unknown}
 w - a scroll of noise {unknown}
 x - 2 scrolls of enchant weapon {unknown}
 y - 4 scrolls of enchant armour {unknown}
 B - a scroll of summoning {unknown}
Potions
 e - 2 potions of ambrosia
 q - a potion of mutation {unknown}
 s - 2 potions of curing
 A - a potion of resistance {unknown}
 D - 2 potions of agility {unknown}
 E - 2 potions of might {unknown}
Comestibles
 c - 5 rations


   Skills:
 - Level 2.0 Fighting
 + Level 3.0 Short Blades
 + Level 3.3 Slings
 - Level 1.0 Armour
 + Level 5.4 Dodging
 + Level 5.6 Stealth
 + Level 4.5 Spellcasting
 * Level 3.2 Conjurations
 + Level 3.4 Translocations
 * Level 4.7 Air Magic
 + Level 2.7 Evocations


You had 6 spell levels left.
You knew the following spells:

 Your Spells              Type           Power        Failure   Level  Hunger
a - Shock                 Conj/Air       ###.         2%          1    None
b - Blink                 Tloc           N/A          5%          2    #......
c - Airstrike             Air            ###.......   21%         4    ####...
d - Static Discharge      Conj/Air       ###.....     9%          3    ###....

Your spell library contained the following spells:

 Spells                   Type           Power        Failure   Level  Hunger
 Magic Dart               Conj           ###.         3%          1    None
 Swiftness                Chrm/Air       ##......     8%          2    #......
 Mephitic Cloud           Conj/Pois/Air  ##......     14%         3    ###....
 Call Imp                 Summ           #.......     22%         2    #......
 Slow                     Hex            #.......     22%         2    #......
 Conjure Flame            Conj/Fire      #.......     22%         3    ###....
 Lightning Bolt           Conj/Air       ###.......   58%         5    ######.


Dungeon Overview and Level Annotations

Branches:
Dungeon (7/15)
 Temple: D:4-7

Altars:
Ashenzari
Cheibriados
Fedhas
Gozag
Hepliaklqana
Kikubaaqudgha
Okawaru
Wu Jian
Yredelemnul
Zin

Shops:
D:5 }(

Annotations:
D:6 Harold


Innate Abilities, Weirdness & Mutations

You are very small and have problems with some larger weapons.
You are too small for most types of armour.
You have supernaturally acute eyesight. (SInv)
You are a herbivore.
You cover ground extremely quickly.
You need to consume almost no food.


Message History

Press: ? - help, Shift-Dir - straight line, f - Harold
Aim: Harold, wielding a +0 flail and wearing a +0 ring mail (lightly wounded)
The zap hits Harold.
Harold is moderately wounded.
Casting: Shock (safe; 2% risk of failure)
Confirm with . or Enter, or press ? or * to list all spells.
Aiming: Shock (safe; 2% risk of failure)
Press: ? - help, Shift-Dir - straight line, f/p - Harold
Aim: Harold, wielding a +0 flail and wearing a +0 ring mail (moderately wounded)
The zap hits Harold but does no damage.
Harold is moderately wounded.
Harold casts a spell at you. The harpoon shot hits you!
* * * LOW HITPOINT WARNING * * *
You are yanked forward by the harpoon shot.
You barely miss Harold.
Harold is lightly wounded.
Harold hits you with a +0 flail!!
You die...
Your body crumbles into a pile of gold.

#.)....##.##..##..............#
#..##@.##.##.....)...........###
#...##.#..#.............##.....#
#.............##........####..##
####..........#.........#######
..#..........###.......##.##
.............# #......##...##
####.........####).<###...[<#
###...........#@@.....#[[...##
.....#...........###.)[.##...###
..............#### #.)..##.....##
...#..........# #...######.##.
#.###......#..# ##....# #....
...#...#.####.######..#.## #....
#.....####.##.....#.....######...
............#....................
......#........................#.


You could see Harold.

Vanquished Creatures
  An orc warrior (D:5)
  2 black bears
  An ogre (D:5)
  A centaur (D:6)
  A big kobold (D:7)
  3 killer bees
  3 wights
  A bullfrog zombie (D:6)
  A centaur zombie (D:5)
  3 hounds
  2 orc wizards
  A bullfrog skeleton (D:4)
  3 iguanas
  4 worker ants
  A hound zombie (D:5)
  Robin (D:3)
  3 gnolls (D:5)
  5 adders
  A shadow imp (D:6)
  3 oozes
  4 worms
  3 dart slugs
  6 leopard geckos
  20 orcs
  8 bats
  4 giant cockroaches
  15 goblins
  10 hobgoblins
  6 jackals
  4 quokkas
  11 frilled lizards
  A jackal zombie (D:6)
  10 kobolds
  A quokka skeleton (D:4)
  7 rats
151 creatures vanquished.

Notes
Turn   | Place    | Note
-------+----------+-------------------------------------------
     0 | D:1      | Descartes the Spriggan Air Elementalist began the quest for
                  | the Orb.
     0 | D:1      | Reached XP level 1. HP: 9/9 MP: 5/5
   224 | D:1      | Reached XP level 2. HP: 13/13 MP: 1/6
   468 | D:1      | Reached skill level 1 in Conjurations
   849 | D:1      | Reached XP level 3. HP: 17/17 MP: 0/8
  1125 | D:1      | Learned a level 3 spell: Static Discharge
  1531 | D:2      | Reached XP level 4. HP: 16/21 MP: 3/9
  1624 | D:2      | Found an ancient bone altar of Kikubaaqudgha.
  2327 | D:2      | Reached skill level 1 in Short Blades
  2533 | D:3      | Found a shattered altar of Ashenzari.
  2786 | D:3      | Noticed Robin
  2815 | D:3      | Killed Robin
  2815 | D:3      | Reached skill level 1 in Fighting
  2928 | D:3      | Found an ornate altar of the Wu Jian Council.
  2953 | D:3      | Reached XP level 5. HP: 25/25 MP: 10/10
  2986 | D:3      | Learned a level 4 spell: Airstrike
  2989 | D:3      | Learned a level 2 spell: Blink
  3460 | D:3      | Found a faded altar of an unknown god.
  3526 | D:4      | Reached skill level 1 in Armour
  3812 | D:4      | Reached skill level 1 in Slings
  3822 | D:4      | Found a blossoming altar of Fedhas.
  3959 | D:4      | Reached skill level 1 in Translocations
  3959 | D:4      | Reached XP level 6. HP: 30/30 MP: 1/12
  4759 | D:5      | Entered Level 5 of the Dungeon
  4805 | D:5      | Found Uhouggeg's Gadget Shop.
  5087 | D:5      | Found Toom's Antique Weapon Emporium.
  5280 | D:5      | Found an iron altar of Okawaru.
  5324 | D:5      | Found a basalt altar of Yredelemnul.
  5569 | D:5      | Reached XP level 7. HP: 33/33 MP: 13/13
  5617 | D:5      | Reached skill level 1 in Evocations
  5674 | D:5      | Found a snail-covered altar of Cheibriados.
  6360 | D:6      | Reached skill level 5 in Stealth
  7523 | D:6      | Reached skill level 5 in Dodging
  7523 | D:6      | Reached XP level 8. HP: 10/39 MP: 10/15
  8537 | D:7      | Found a hazy altar of Hepliaklqana.
  8549 | D:7      | Found an opulent altar of Gozag.
  8553 | D:7      | Found a glowing silver altar of Zin.
  8561 | D:7      | Became a worshipper of Gozag Ym Sagoz the Greedy
  8636 | D:7      | Noticed Harold
  8772 | D:6      | Mangled by Harold

Levels and vault maps discovered:
D:1:      lemuel_arrival_tunnels, layout_basic, minmay_liquid_box
D:2:      layout_basic, overflow_temple_1_default, lemuel_another_geyser
D:3:      layout_loops_ring, ashenzari_conservatory_becter,
          lemuel_coloured_pillars_altar, chequers_ecumenical_altar_simple,
          uniq_robin
D:4:      layout_basic, nicolae_overflow_hidden_temple, minmay_misc_feat_plants,
          kennysheep_generic_room_4
D:5:      layout_loops_cross, lemuel_doored_altar, okawaru_ov_weapons_minmay,
          first_ration, serial_shops, shop, nicolae_shop_trees,
          kennysheep_slug_shrine
D:6:      layout_cave_pools
D:7:      layout_cave_pods, grunt_temple_overflow_diamond,
          minmay_temple_entry_statues_fountains, uniq_harold

Skill      XL: |  1  2  3  4  5  6  7  8 |
---------------+-------------------------+-----
Conjurations   | 1 2 3 |  3.2
Air Magic      | 3 4 |  4.7
Spellcasting   | 3 4 |  4.5
Short Blades   | 1 2 3 |  3.0
Fighting       | 1 2 |  2.0
Armour         | 1 |  1.0
Stealth        | 4 5 |  5.6
Slings         | 1 2 3 |  3.3
Dodging        | 4 5 |  5.4
Translocations | 1 2 3 |  3.4
Evocations     | 2 |  2.7

Action                   |  1- 3 |  4- 6 |  7- 9 || total
-------------------------+-------+-------+-------++-------
Melee: Dagger            |     9 |    54 |    76 ||   139
       Short sword       |     2 |       |       ||     2
 Fire: Hunting sling     |    12 |    48 |    42 ||   102
 Cast: Shock             |    78 |   135 |   104 ||   317
       Static Discharge  |       |       |     2 ||     2
       Blink             |       |       |     1 ||     1
  Use: Scroll            |       |     3 |       ||     3
       Potion            |       |       |     2 ||     2
 Stab: Sleeping          |       |     2 |     2 ||     4
  Eat: Ration            |       |     1 |     1 ||     2
Armor: Robe              |     1 |     1 |     9 ||    11
       Animal skin       |       |     2 |       ||     2
Dodge: Dodged            |    19 |    77 |   128 ||   224
